 Dungeon Crawl Stone Soup version 0.31-a0-532-g28f74ba3e5 (webtiles) character file.

Game seed: 3897846604924096820

646 Iich the Ruffian (level 7, -3/42 HPs)
             Began as a Gargoyle Shapeshifter on Aug 12, 2023.
             Slain by a gnoll
             ... wielding a +3 flail
             ... led by a gnoll bouda
              (12 damage)
             ... on level 4 of the Dungeon.
             The game lasted 00:08:30 (4447 turns).

Iich the Ruffian (Gargoyle Shapeshifter)            Turns: 4447, Time: 00:08:32

Health: -3/42      AC:  9    Str: 19    XL:     7   Next: 52%
Magic:  7/7        EV: 11    Int:  8    God:
Gold:   190        SH:  0    Dex: 12    Spells: 6/6 levels left

rFire   . . .        p - +0 war axe
rCold   . . .        (no shield)
rNeg    + . .        j - +0 ring mail
rPois   ∞            (helmet currently unavailable)
rElec   +            (cloak currently unavailable)
rCorr   .            (gloves currently unavailable)
SInv    .            (boots currently unavailable)
Will    +....        (no amulet)
Stlth   +            r - ring of willpower
HPRegen 0.27/turn    (no ring)
MPRegen 0.10/turn

%: no passive effects
@: beast-form
A: beast (slay +2), sickness immunity, AC +4, negative energy resistance 1,
electricity resistance, torment resistance 1, petrification resistance
a: Begin Untransformation


You were on level 4 of the Dungeon.
You were a hulking beast.
You visited 1 branch of the dungeon, and saw 5 of its levels.

You collected 190 gold pieces.

Inventory:

Hand Weapons
 p - a +0 war axe (weapon)
Missiles
 n - 5 poisoned darts
Armour
 j - a +0 ring mail (worn)
 m - a +0 pair of gloves
Jewellery
 r - a ring of willpower (left hand)
Talismans
 c - a beast talisman (active)
 d - a flux talisman
Scrolls
 a - a scroll of amnesia
 f - a scroll of noise
 g - a scroll of fog
 i - a scroll of fear {unknown}
 o - a scroll of poison
 t - 2 scrolls of teleportation
Potions
 b - a potion of lignification
 e - a potion of brilliance
 h - a potion of haste
 l - a potion of heal wounds
 q - 2 potions of curing


   Skills:
 + Level 3.6 Fighting
 + Level 2.4 Axes
 + Level 3.0 Dodging
 + Level 4.4 Unarmed Combat
 * Level 3.9 Shapeshifting


You had 6 spell levels left.
You didn't know any spells.
Your spell library contained the following spells:

 Spells                   Type           Power      Damage    Failure   Level
 Freeze                   Ice            0%         1d3       58%         1
 Summon Small Mammal      Summ           0%         N/A       58%         1
 Call Canine Familiar     Summ           0%         N/A       92%         3
 Frozen Ramparts          Ice            0%         1d1       92%         3
 Hailstorm                Conj/Ice       0%         3d3       92%         3
 Summon Guardian Golem    Hex/Summ       0%         N/A       92%         3


Dungeon Overview and Level Annotations

Branches:
Dungeon (5/15)
 Temple: D:4-7

Altars:
Uskayaw
Xom

Shops:
D:1 *   D:4 *(==*


Innate Abilities, Weirdness & Mutations

You are a hulking beast.
Your limbs bulge with bestial killing power. (Slay +2)
You are immune to sickness and miasma.
Your stone body is resilient. (AC +4)
You are immune to poison.
You resist negative energy. (rN+)
You are resistant to electric shocks. (rElec)
You are resistant to unholy torment.
You are immune to petrification.


Message History

You feel a bit more experienced.
Unknown command.
Things that are here:
a +0 dagger; a +0 robe; an orc corpse Unknown command.
Things that are here:
a +0 dagger; a +0 robe; an orc corpse
There is a stone staircase leading down here.
You start resting.
HP restored.
Health restored: 42 You start waiting.
Done waiting.
You start waiting.
Done waiting.
You climb downwards.
The gnoll barely misses you.
The gnoll bouda barks out a call to the hunt!
The gnolls pick up the pace!
The gnoll hits you with a +0 club. The gnoll misses you.
There is a stone staircase leading up here.
You take 6 damage, and have 36/42 hp.
The gnoll hits you but does no damage. The gnoll hits you with a +3 flail.
You climb upwards.
There is a stone staircase leading down here.
You take 4 damage, and have 32/42 hp.
You slash the gnoll!
The gnoll is almost dead.
You slash the gnoll! The gnoll hits you with a +0 club.
The gnoll hits you with a +3 flail!
* * * LOW HITPOINT WARNING * * *
The gnoll closely misses you.
You take 14 damage, and have 18/42 hp. !!!!--MASSIVE DAMAGE--!!!!
You hit the gnoll.
The gnoll is almost dead.
You hit the gnoll.
You kill the gnoll!
The gnoll hits you with a +3 flail!
* * * LOW HITPOINT WARNING * * *
The gnoll hits you with a +3 flail!
You die...

#########.....####'#######'#
#....# ###.#####...## ##.†.
#....# #.# ##.....###....
#....# #.# #.......#.....
#.<..# #.# #.......#.....
#....######.###...[...#.....
#........>....##.....###....
####.......)..###...## ##...
###......)h..######## ####
#.........g[........# ##
#............######.# #.
#............#....#.######.
#...######∩#....#.#........
#...# ##.#......#........
#...# #.........#........
#...# #.........#.≈≈≈....
##### #.........#.≈∩≈....


You could see a gnoll (swift).

Vanquished Creatures
  2 ogres (D:4)
  A scorpion (D:4)
  4 hounds (D:4)
  An orc priest (D:4)
  A sleepcap (D:4)
  2 iguanas (D:4)
  An orc wizard (D:4)
  2 gnolls (D:4)
  8 adders
  2 ufetubi (D:4)
  4 dart slugs
  2 orcs
  8 endoplasms
  2 giant cockroaches
  5 hobgoblins
  8 kobolds
  2 quokkas
  7 ball pythons
  3 bats
  5 frilled lizards
  8 goblins
  7 rats
85 creatures vanquished.

Notes
Turn   | Place    | Note
-------+----------+-------------------------------------------
     0 | D:1      | Iich the Gargoyle Shapeshifter began the quest for the Orb.
     0 | D:1      | Reached XP level 1. HP: 12/12 MP: 1/1
   179 | D:1      | Reached XP level 2. HP: 16/16 MP: 2/2
   298 | D:1      | Found Sijiawky's General Store.
   410 | D:1      | Reached XP level 3. HP: 21/21 MP: 3/3
  1511 | D:2      | Reached XP level 4. HP: 24/26 MP: 4/4
  1684 | D:2      | Found a shimmering altar of Xom.
  2259 | D:3      | Found a hide-covered altar of Uskayaw.
  2552 | D:4      | Reached skill level 1 in Axes
  2552 | D:4      | Reached XP level 5. HP: 25/31 MP: 5/5
  2594 | D:4      | Found Iluiw's Jewellery Shop.
  2640 | D:4      | Found Kajyroje's Assorted Antiques.
  2768 | D:4      | Reached XP level 6. HP: 36/36 MP: 6/6
  2790 | D:4      | Found Uwelat's Antique Weapon Emporium.
  2823 | D:4      | Found Noith's Assorted Antiques.
  3319 | D:4      | Reached skill level 4 in Unarmed Combat
  3527 | D:4      | Reached XP level 7. HP: 27/41 MP: 7/7
  3930 | D:4      | Found Fiseog's Jewellery Boutique.
  4135 | D:5      | Entered Level 5 of the Dungeon
  4447 | D:4      | Slain by a gnoll

Illustrated notes

Levels and vault maps discovered:
D:1:      roderic_chinese_lattice_arrival, layout_loops_cross, serial_shops,
          nicolae_shop_competitors_out_of_business, grunt_decor_fettered,
          minmay_misc_feat_tower, dk_noncrumbling_4, minivault_5
D:2:      layout_basic, basic_altar
D:3:      layout_loops_ring, amcnicky_altar_gilded, kennysheep_potato
D:4:      kennysheep_six_static_rooms, layout_basic, serial_shops,
          nicolae_shop_stone, shop, nicolae_shop_tiny_waterfront, shop,
          nicolae_shop_tiny_waterfront, chequers_decorated_corner
D:5:      layout_gridville, elyvilon_altar_5, dk_vineyard_3

Skill      XL: |  1  2  3  4  5  6  7 |
---------------+----------------------+-----
Dodging        | 2 3 |  3.0
Fighting       | 2 3 |  3.6
Axes           | 1 2 |  2.4
Shapeshifting  | 3 |  3.9
Unarmed Combat | 4 |  4.4

Action                     |  1- 3 |  4- 6 |  7- 9 || total
---------------------------+-------+-------+-------++-------
  Melee: Unarmed           |    95 |       |       ||    95
         Punch             |     3 |     4 |       ||     7
         War axe           |    18 |   110 |    42 ||   170
    Use: Scroll            |     2 |     6 |       ||     8
         Potion            |     1 |     1 |       ||     2
 Armour: Animal skin       |    25 |       |       ||    25
         Ring mail         |    12 |    62 |    29 ||   103
         Leather armour    |     4 |       |       ||     4
  Dodge: Dodged            |    80 |    94 |    25 ||   199

Table legend: (Time is in decaauts)
 A = Elapsed time spent in this place.
 B = Non-inter-level travel time spent in this place.
 C = Inter-level travel time spent in this place.
 D = Time resting spent in this place.
 E = Time spent auto-exploring this place.
 F = Levels seen in this place.
 G = Mean time per level.
                   A        B        C        D        E       F      G
               +--------+--------+--------+--------+--------+-----+--------+
         Total |   4516 |   4347 |    169 |    569 |   3120 |   5 |  903.2 |
       Dungeon |   4516 |   4347 |    169 |    569 |   3120 |   5 |  903.2 |
               +--------+--------+--------+--------+--------+-----+--------+

Top non-repeatable levels by time:
     D:4: 1957 daAuts
     D:2: 1081 daAuts
     D:1: 905 daAuts
     D:3: 563 daAuts
     D:5: 7 daAuts
